 Dungeon Crawl Stone Soup version 0.19.5 (webtiles) character file.

19238 wolfsongas the Bludgeoner (level 12, -4/112 (113) HPs)
             Began as a Minotaur Berserker on May 3, 2017.
             Was a High Priest of Trog.
             Slain by an orc knight
             ... wielding a cursed -1 great sword
              (36 damage)
             ... on level 2 of the Orcish Mines.
             The game lasted 00:54:32 (12843 turns).

wolfsongas the Bludgeoner (Minotaur Berserker)     Turns: 12843, Time: 00:54:33

HP:   -4/112 (113)  AC: 20    Str: 24    XL:     12   Next: 34%
MP:   11/11         EV: 13    Int:  4    God:    Trog [*****.]
Gold: 925           SH:  0    Dex: 16    Spells: 0 memorised, 11 levels left

rFire  + . .     SeeInvis .     h - +1 great mace (distort)
rCold  + . .     Gourm    .     m - +2 plate armour
rNeg   . . .     Faith    .     (shield currently unavailable)
rPois  +         Spirit   .     (helmet unavailable)
rElec  +         Reflect  .     v - +0 cloak
rCorr  +         Harm     .     (no gloves)
MR     ++...                    t - +0 pair of boots
Stlth  ..........               (no amulet)
                                y - +6 ring of slaying
                                u - +3 ring of strength

@: resistant, very slightly contaminated, regenerating
A: retaliatory headbutt, horns 3, rugged brown scales 1
a: Berserk, Trog's Hand, Brothers in Arms, Burn Spellbooks, Renounce Religion


You were on level 2 of the Orcish Mines.
You worshipped Trog.
Trog was extremely pleased with you.
You were not hungry.

You visited 2 branches of the dungeon, and saw 14 of its levels.
You also visited: Sewer and Ice Cave.

You collected 925 gold pieces.

Inventory:

Hand Weapons
 h - a +1 great mace of distortion (weapon)
 o - a +0 falchion of distortion
 p - a +0 dagger
Armour
 m - a +2 plate armour (worn)
 q - a +0 troll leather armour
 t - a +0 pair of boots (worn)
 v - a +0 cloak (worn)
Jewellery
 r - an uncursed ring of poison resistance
 u - a +3 ring of strength (left hand)
 y - a +6 ring of slaying (right hand)
 C - an uncursed ring of resist corrosion
Wands
 c - a wand of random effects (36/48)
 k - a wand of iceblast (15/15)
 l - a wand of polymorph (13/24)
Scrolls
 a - a scroll of fear
 b - a scroll of blinking
 d - 2 scrolls of remove curse
 g - 2 scrolls of teleportation
Potions
 e - 3 potions of flight
 j - 3 potions of brilliance
Comestibles
 i - 10 meat rations
 n - a bread ration
 s - 10 royal jellies


   Skills:
 + Level 11.1 Fighting
 * Level 15.4 Maces & Flails
 + Level 10.7 Armour
 + Level 9.8 Dodging
 - Level 0.1 Stealth
   Level 4.8 Shields


You had 11 spell levels left.
You didn't know any spells.

Dungeon Overview and Level Annotations

Branches:
Dungeon (12/15)            Temple (0/1) D:7            Lair (0/6) D:11
    Orc (2/2) D:12
    Elf: Orc:2

Altars:
Dithmenos
Elyvilon
Fedhas
Hepliaklqana
Makhleb
Qazlal
Sif Muna
Uskayaw
Yredelemnul
Zin

Shops:
D:5 %   D:8 (   Orc:2 *

Portals:
Trove: D:11 (show abyssal rune of Zot)


Innate Abilities, Weirdness & Mutations

You reflexively headbutt those who attack you in melee.
You have a pair of large horns on your head.
You are partially covered in rugged brown scales. (AC +1, +3% HP)


Message History

Trog accepts your kill.
The orange demon screeches!
You sock the orc knight! Your headbutt misses the orc knight.
The orc knight is moderately wounded.
The orange demon stings you but does no damage.
The orc knight roars a battlecry!
The orc knight hits you but does no damage.
The orc high priest shouts!
You hear a shout!
You hit the orc knight.
The orc knight looks slightly unstable.
The orc knight is moderately wounded.
The orc warrior no longer looks unusually strong.
The orange demon disappears in a puff of smoke!
The orange demon stings you but does no damage.
An orc wizard comes into view. It is wielding a dagger.
You hit the orc knight but do no damage.
You headbutt the orc knight!
The orc knight is heavily wounded.
The orc warrior no longer looks unusually strong.
The orc knight hits you with a great sword!!!
You die...

########### ##### ##
##.#.##..#.#.....#
#.###..#.................
...............o@........
.............oooo........
..........o...4..........
..........#............$.
...........4.............
.....)...o........#......
....)oo................##
....))).................
..4...........


You could see 2 orc knights, an orc high priest, an orange demon, an orc
sorcerer, a red devil, 2 orc warriors and an orc wizard.

Vanquished Creatures
  A centaur warrior (D:12)
  The ghost of Renzlar the Shield-Bearer, a novice FoFi (D:7)
  An orc high priest (Orc:2)
  A wolf spider zombie (D:9)
  An ugly thing (D:11)
  A cyclops (D:12)
  A manticore (D:12)
  5 centaur zombies
  A gargoyle (D:12)
  A komodo dragon (D:11)
  2 hellwings (D:9)
  5 trolls
  A two-headed ogre (D:11)
  A hornet (D:9)
  4 slime creatures (D:12)
  A hippogriff (D:12)
  Eustachio (D:6)
  6 yaks
  2 hungry ghosts
  4 wargs (D:12)
  A mottled dragon (D:11)
  A soldier ant (D:12)
  9 ice beasts
  11 orc warriors
  A phantom (D:8)
  An eye of draining (D:12)
  2 necrophages
  5 ogres
  2 wolves (D:11)
  The ghost of Renzlar the Shield-Bearer, an amateur FoFi (D:3)
  7 centaurs
  4 big kobolds
  Blork the orc (D:6)
  4 bullfrogs
  4 scorpions
  4 wights (D:11)
  2 howler monkeys (D:11)
  5 jellies
  9 crimson imps
  A lava snake (D:7)
  8 hounds
  5 centaur skeletons
  A bullfrog zombie (D:8)
  7 orc priests
  2 bullfrog skeletons
  A gnoll shaman (Orc:1)
  2 iguanas
  21 orc wizards
  8 worker ants
  A hound skeleton (D:5)
  A howler monkey zombie (D:8)
  7 gnolls
  11 adders
  2 river rats (Sewer)
  4 shadow imps (D:9)
  7 oozes
  2 adder zombies
  An adder skeleton (D:10)
  5 worms
  4 dart slugs
  3 leopard geckos
  57 orcs
  9 giant cockroaches
  12 goblins
  8 hobgoblins
  5 jackals
  27 kobolds
  2 quokkas
  A ball python (D:6)
  10 bats
  4 frilled lizards
  15 rats
  2 plants (D:11)
  2 withered plants (D:9)
373 creatures vanquished.

Vanquished Creatures (collateral kills)
  2 orc sorcerers (Orc:2)
2 creatures vanquished.

Vanquished Creatures (others)
  The ghost of baldghoti the Bludgeoner, a journeyman MiBe of Trog (Orc:2)
  A howler monkey (D:12)
  A withered plant (D:9)
3 creatures vanquished.

Grand Total: 378 creatures vanquished

Notes
Turn   | Place    | Note
-------+----------+-------------------------------------------
     0 | D:1      | wolfsongas the Minotaur Berserker began the quest for the Orb.
     0 | D:1      | Reached XP level 1. HP: 19/19 MP: 0/0
    32 | D:1      | Reached skill level 4 in Maces & Flails
    76 | D:1      | Reached XP level 2. HP: 14/26 MP: 1/1
   537 | D:1      | Reached ** piety under Trog
   598 | D:1      | Reached skill level 5 in Maces & Flails
   967 | D:1      | Reached XP level 3. HP: 31/31 MP: 2/2
  1018 | D:2      | Noticed a hand axe
  1021 | D:2      | Noticed a dagger
  1022 | D:2      | Found a hide-covered altar of Uskayaw.
  1512 | D:2      | Reached XP level 4. HP: 39/39 MP: 3/3
  1667 | D:3      | Reached skill level 6 in Maces & Flails
  1724 | D:3      | Found a glowing drain.
  1739 | Sewer    | Entered a sewer
  1986 | Sewer    | Noticed a big kobold
  2001 | Sewer    | Killed a big kobold
  2001 | Sewer    | Reached skill level 7 in Maces & Flails
  2001 | Sewer    | Reached XP level 5. HP: 33/45 MP: 4/4
  2009 | Sewer    | Reached *** piety under Trog
  2109 | Sewer    | Found a white marble altar of Elyvilon.
  2634 | D:3      | Noticed Renzlar's ghost (amateur FoFi)
  2642 | D:3      | Killed Renzlar's ghost
  2642 | D:3      | Reached skill level 8 in Maces & Flails
  2642 | D:3      | Reached XP level 6. HP: 40/51 MP: 5/5
  3076 | D:4      | Found a hazy altar of Hepliaklqana.
  3234 | D:4      | Found a stormy altar of Qazlal.
  3317 | D:4      | Found a glowing silver altar of Zin.
  3323 | D:4      | Found a deep blue altar of Sif Muna.
  3324 | D:4      | Found a shadowy altar of Dithmenos.
  3423 | D:4      | Reached skill level 9 in Maces & Flails
  3778 | D:4      | Found a basalt altar of Yredelemnul.
  3784 | D:4      | Reached XP level 7. HP: 56/57 MP: 6/6
  3924 | D:4      | Reached skill level 10 in Maces & Flails
  4249 | D:5      | Entered Level 5 of the Dungeon
  4727 | D:5      | Found Cize's Food Shop.
  4823 | D:5      | Reached **** piety under Trog
  5089 | D:6      | Reached skill level 11 in Maces & Flails
  5153 | D:6      | Noticed Eustachio
  5159 | D:6      | Killed Eustachio
  5159 | D:6      | Reached XP level 8. HP: 64/64 MP: 7/7
  5621 | D:6      | Reached skill level 12 in Maces & Flails
  5639 | D:6      | Noticed Blork the orc
  5647 | D:6      | Killed Blork the orc
  6201 | D:7      | Noticed Renzlar's ghost (novice FoFi)
  6226 | D:7      | Killed Renzlar's ghost
  6226 | D:7      | Reached skill level 13 in Maces & Flails
  6226 | D:7      | Reached skill level 1 in Shields
  6226 | D:7      | Reached XP level 9. HP: 27/70 MP: 8/8
  6757 | D:7      | Found a staircase to the Ecumenical Temple.
  6864 | D:7      | Reached skill level 14 in Maces & Flails
  7182 | D:8      | Found a burning altar of Makhleb.
  7233 | D:8      | Found a blossoming altar of Fedhas.
  7338 | D:8      | Received a gift from Trog
  7376 | D:8      | Found Ecut's Antique Weapon Boutique.
  7414 | D:8      | Found a hide-covered altar of Uskayaw.
  7952 | D:9      | Noticed a troll
  7964 | D:9      | Killed a troll
  7975 | D:9      | Reached ***** piety under Trog
  7980 | D:9      | Received a gift from Trog
  8001 | D:9      | Reached skill level 5 in Fighting
  8154 | D:9      | Reached XP level 10. HP: 83/83 MP: 9/9
  8160 | D:9      | Reached skill level 5 in Armour
  8199 | D:9      | Reached skill level 5 in Dodging
  8722 | D:10     | Entered Level 10 of the Dungeon
  9318 | D:10     | Got an ancient falchion
  9717 | D:11     | Reached XP level 11. HP: 95/95 MP: 10/10
  9793 | D:11     | Found a frozen archway.
  9838 | IceCv    | Entered an ice cave
  9838 | IceCv    | Noticed korthal's ghost (journeyman OgHu)
 10707 | D:11     | Noticed a cyan ugly thing
 10719 | D:11     | Killed a cyan ugly thing
 10729 | D:11     | Gained mutation: You are dopey. (Int -2) [mutagenic meat]
 10730 | D:11     | Gained mutation: You regenerate slowly when monsters are visible. [mutagenic meat]
 10730 | D:11     | Lost mutation: You are dopey. (Int -2) [potion of cure mutation]
 10730 | D:11     | Lost mutation: You regenerate slowly when monsters are visible. [potion of cure mutation]
 10732 | D:11     | Gained mutation: You are partially covered in rugged brown scales. (AC +1, +3% HP) [mutagenic meat]
 10733 | D:11     | Gained mutation: You have a pair of large horns on your head. [mutagenic meat]
 10750 | D:11     | Found a staircase to the Lair.
 10961 | D:11     | Found a portal to a secret trove of treasure.
 11296 | D:12     | Identified the +5 falchion of the Eggplant {drain, +Inv rF+ MR+ Int-5} (You found it on level 10 of the Dungeon)
 11443 | D:12     | Received a gift from Trog
 11524 | D:12     | Reached skill level 10 in Fighting
 11563 | D:12     | Noticed a centaur warrior
 11568 | D:12     | Killed a centaur warrior
 11588 | D:12     | Reached skill level 10 in Armour
 11589 | D:12     | Found a white marble altar of Elyvilon.
 12133 | D:12     | Found a staircase to the Orcish Mines.
 12142 | D:12     | Reached XP level 12. HP: 109/109 MP: 11/11
 12157 | Orc:1    | Entered Level 1 of the Orcish Mines
 12168 | Orc:1    | Reached skill level 15 in Maces & Flails
 12564 | Orc:2    | Entered Level 2 of the Orcish Mines
 12732 | Orc:2    | Found Kaitz's Assorted Antiques.
 12773 | Orc:2    | Noticed baldghoti's ghost (journeyman MiBe)
 12780 | Orc:2    | Banished baldghoti's ghost
 12783 | Orc:2    | Reached ****** piety under Trog
 12801 | Orc:2    | Noticed an orc high priest
 12801 | Orc:2    | Noticed an orc high priest
 12802 | Orc:2    | Noticed an orc high priest
 12807 | Orc:2    | Killed an orc high priest
 12843 | Orc:2    | Slain by an orc knight

Skill      XL: |  1  2  3  4  5  6  7  8  9 10 11 12 |
---------------+-------------------------------------+-----
Maces & Flails | 4 5 7 8 9 11 13 14 15 | 15.4
Shields        | 1 3 4 |  4.8
Fighting       | 5 8 10 11 | 11.1
Armour         | 4 7 10 | 10.7
Dodging        | 4 7 9 |  9.8
Stealth        | |  0.1

Action                   |  1- 3 |  4- 6 |  7- 9 | 10-12 || total
-------------------------+-------+-------+-------+-------++-------
Melee: Mace              |    75 |   162 |   317 |   330 ||   884
       Headbutt          |     6 |    19 |    73 |   119 ||   217
       Great mace        |       |       |       |   131 ||   131
Invok: Berserk           |       |     1 |     6 |     8 ||    15
       Burn Spellbooks   |       |     1 |     1 |     1 ||     3
       Trog's Hand       |       |       |       |     6 ||     6
       Brothers in Arms  |       |       |       |     1 ||     1
  Use: Scroll            |     7 |     5 |     9 |    12 ||    33
       Potion            |       |     7 |     2 |    11 ||    20
  Eat: Bread ration      |     1 |       |     5 |     3 ||     9
       Fruit             |       |     2 |     3 |       ||     5
       Chunk             |       |     2 |       |     7 ||     9
       Meat ration       |       |     1 |     1 |     2 ||     4
       Pizza             |       |       |       |     2 ||     2
       Beef jerky        |       |       |       |     1 ||     1
Armor: Animal skin       |     6 |       |       |       ||     6
       Ring mail         |    10 |       |       |       ||    10
       Plate armour      |     9 |   112 |   153 |   233 ||   507
       Skin              |       |       |       |    44 ||    44
Dodge: Dodged            |    49 |    48 |    56 |   224 ||   377
Block: Shield            |       |       |    83 |   152 ||   235
